AoeStats
← Abetterhandle

Arabia

503971148Analyzed
4v4 RM · 1mo ago on Sep 3, 2026· 68m 47s· 8 players
Game mode
Random Map
Map size
Large (8 player)
Population
200
Speed
Normal
Resources
Standard
Victory
Conquest
Starting age
Dark Age
Ending age
Imperial Age
RankedLock teamsTeams togetherTeam positionsShared explorationLock speedFull tech treeHidden civsTurbo modeCheats
Victory
Defeat
🇨🇿 Vietnamese · Czechia
1016
+14
🇨🇭 Inca · Switzerland
999
+15
🇬🇧 Britons · United Kingdom
965
+16
🇧🇬 Persians · Bulgaria
927
+18
🇨🇳 Vietnamese · China
1039
-19
🇨🇳 Poles · China
1011
-18
🇳🇿 Franks · New Zealand
921
-13
🇨🇳 Lithuanians · China
906
-13
OakenStone47820
3:31 Loom
11:18 Feudal Age
11:54 Double-Bit Axe
11:53 Horse Collar
19:06 Forging
18:57 Scale Mail Armor
19:37 Wheelbarrow
21:37 Castle Age
19:36 Man-at-Arms
22:22 Crossbowman
25:33 Scale Barding Armor
26:24 Iron Casting
26:32 Husbandry
30:32 Gold Mining
33:10 Bow Saw
34:05 Gold Shaft Mining
35:18 Stone Mining
35:43 Hand Cart
38:19 Hand Cart
42:25 Pikeman
45:47 Imperial Age
43:58 Long Swordsman
44:24 Gambesons
44:39 Squires
44:24 Arson
45:29 Chain Mail Armor
45:34 Chain Barding Armor
45:15 Padded Archer Armor
45:05 Fletching
46:06 Heavy Plow
46:51 Two-Handed Swordsman
47:16 Arbalester
47:28 Halberdier
48:34 Bodkin Arrow
48:54 Leather Archer Armor
49:40 Blast Furnace
49:36 Elite Longbowman
50:17 Warwolf
50:55 Hoardings
50:40 Conscription
50:41 Yeomen
50:35 Champion
53:07 Two-Man Saw
53:14 Ring Archer Armor
52:45 Bracer
54:02 Chemistry
53:13 Fortified Wall
53:00 Murder Holes
65:15 Plate Mail Armor
Udy6969
10:06 Feudal Age
11:23 Double-Bit Axe
19:37 Castle Age
18:01 Horse Collar
18:21 Gold Mining
19:05 Fletching
19:16 Padded Archer Armor
21:14 Thumb Ring
21:19 Crossbowman
22:15 Bow Saw
25:27 Bodkin Arrow
27:02 Ballistics
30:39 Wheelbarrow
30:37 Stone Mining
31:02 Town Watch
33:31 Hand Cart
33:59 Leather Archer Armor
34:02 Murder Holes
33:56 Loom
38:40 Imperial Age
38:40 Heavy Plow
41:08 Ring Archer Armor
40:39 Bracer
41:42 Chemistry
40:28 Arbalester
43:07 Elite Skirmisher
45:23 Paper Money
44:59 Imperial Skirmisher
46:00 Scale Mail Armor
46:10 Forging
48:16 Two-Man Saw
50:27 Town Patrol
52:30 Stone Shaft Mining
53:35 Heavy Cavalry Archer
54:24 Siege Engineers
54:29 Scale Barding Armor
54:39 Chain Mail Armor
55:00 Iron Casting
67:54 Chain Barding Armor
68:05 Plate Mail Armor
67:20 Treadmill Crane
ALDANDRONAN
0:38 Loom
11:28 Feudal Age
12:20 Town Watch
20:16 Castle Age
18:50 Double-Bit Axe
18:49 Horse Collar
19:13 Gold Mining
19:16 Stone Mining
21:17 Heavy Plow
21:37 Scale Mail Armor
28:39 Fletching
35:44 Imperial Age
33:54 Bow Saw
34:56 Wheelbarrow
36:08 Gold Shaft Mining
36:23 Stone Shaft Mining
36:01 Bodkin Arrow
36:16 Forging
36:21 Chain Mail Armor
36:06 Padded Archer Armor
36:53 Chain Mail Armor
37:19 Conscription
38:41 Iron Casting
38:29 Squires
38:15 Arson
42:58 Plate Mail Armor
43:28 Blast Furnace
42:47 Hand Cart
41:58 Capped Ram
42:54 Siege Ram
43:54 Bracer
43:55 Padded Archer Armor
45:50 Crop Rotation
45:55 Ballistics
46:36 Chemistry
45:32 Murder Holes
45:48 Masonry
45:12 Pikeman
47:48 Leather Archer Armor
47:09 Halberdier
48:36 Hoardings
50:17 Town Patrol
51:25 Fortified Wall
51:21 Siege Engineers
50:57 Treadmill Crane
52:12 Fabric Shields
52:46 Champi Runner
55:54 Thumb Ring
55:10 Elite Skirmisher
55:46 Onager
57:08 Guard Tower
57:03 Arrowslits
61:55 Imperial Skirmisher
64:26 Elite Kamayuk
66:44 Coinage
66:24 Guilds
66:15 Caravan
68:48 Banking
Freakyx
6:04 Loom
10:40 Feudal Age
15:57 Castle Age
14:07 Double-Bit Axe
19:13 Gold Mining
25:16 Gold Shaft Mining
24:32 Stone Mining
27:46 Scale Barding Armor
28:14 Bloodlines
29:40 Forging
29:51 Chain Barding Armor
29:45 Husbandry
30:52 Bow Saw
32:15 Stone Shaft Mining
32:27 Wheelbarrow
31:38 Town Watch
37:36 Imperial Age
37:41 Hand Cart
37:26 Town Patrol
38:57 Cavalier
40:14 Conscription
40:39 Iron Casting
42:06 Savar
44:39 Citadels
46:22 Blast Furnace
45:43 Chain Barding Armor
47:33 Light Cavalry
48:20 Hussar
51:14 Plate Barding Armor
50:39 Scale Mail Armor
51:04 Heavy Camel Rider
66:44 Chemistry
65:31 Horse Collar
66:57 Two-Man Saw
67:47 Heavy Plow
Mr.Jay
10:31 Feudal Age
8:51 Loom
10:37 Feudal Age
11:57 Double-Bit Axe
12:10 Horse Collar
16:02 Padded Archer Armor
15:55 Gold Mining
20:48 Castle Age
19:35 Fletching
21:05 Crossbowman
21:43 Bodkin Arrow
22:14 Bow Saw
23:24 Thumb Ring
25:32 Elite Skirmisher
28:46 Leather Archer Armor
29:44 Heavy Plow
31:27 Wheelbarrow
31:07 Stone Mining
37:21 Hand Cart
41:38 Imperial Age
43:16 Stone Shaft Mining
44:21 Fortified Wall
45:14 Scale Mail Armor
46:10 Pikeman
46:26 Pikeman
50:09 Chemistry
53:47 Bracer
54:18 Ring Archer Armor
56:29 Imperial Skirmisher
60:10 Elite Fire Lancer
61:06 Chain Mail Armor
61:02 Forging
63:14 Plate Mail Armor
65:52 Iron Casting
66:41 Scale Barding Armor
un908561
8:59 Loom
12:08 Feudal Age
12:43 Horse Collar
12:51 Double-Bit Axe
20:17 Castle Age
18:41 Gold Mining
19:06 Scale Barding Armor
20:14 Man-at-Arms
20:40 Arson
20:39 Light Cavalry
21:57 Heavy Plow
22:11 Bow Saw
23:25 Wheelbarrow
25:00 Forging
26:34 Pikeman
27:15 Squires
29:24 Hand Cart
29:42 Scale Mail Armor
32:01 Stone Mining
35:15 Bloodlines
35:06 Husbandry
37:41 Imperial Age
35:00 Town Watch
38:47 Conscription
37:56 Winged Hussar
39:19 Crop Rotation
40:56 Chain Barding Armor
42:07 Chain Mail Armor
42:28 Iron Casting
44:49 Plate Mail Armor
46:49 Blast Furnace
61:58 Lechitic Legacy
钠呐纳卡姆
5:14 Loom
10:36 Feudal Age
13:13 Wheelbarrow
18:55 Castle Age
19:49 Double-Bit Axe
21:00 Bow Saw
23:44 Gold Mining
23:45 Stone Mining
28:49 Imperial Age
27:31 Stone Shaft Mining
31:09 Chemistry
32:03 Two-Man Saw
32:39 Conscription
33:12 Horse Collar
34:40 Fortified Wall
35:26 Hand Cart
35:38 Treadmill Crane
37:02 Hill Forts
37:07 Tower Shields
37:42 Heavy Plow
38:14 Thumb Ring
37:48 Elite Skirmisher
38:50 Padded Archer Armor
38:21 Elite Leitis
38:33 Imperial Skirmisher
40:35 Crop Rotation
40:22 Fletching
40:48 Leather Archer Armor
40:40 Scale Barding Armor
40:28 Town Watch
43:10 Ring Archer Armor
42:38 Bodkin Arrow
43:06 Chain Barding Armor
44:02 Bracer
44:39 Plate Barding Armor
44:15 Forging
49:39 Iron Casting
49:05 Scale Mail Armor
50:54 Bloodlines
50:46 Husbandry
50:28 Cavalier
50:30 Light Cavalry
53:23 Paladin
53:24 Winged Hussar
55:04 Chain Mail Armor
55:20 Town Patrol
61:04 Guilds
Abetterhandle
2:13 Loom
10:59 Feudal Age
11:25 Double-Bit Axe
17:28 Castle Age
16:43 Forging
18:47 Fletching
29:56 Bodkin Arrow
34:20 Imperial Age
33:44 #83
36:28 Heavy Scorpion
40:50 Husbandry
41:01 Scale Barding Armor
42:34 Cavalier
43:41 Chain Barding Armor
Connection lost

Rejoining the realm…

Still unreachable

The connection could not be restored.

Session expired

The server has moved on; the page needs a fresh start.